 Dungeon Crawl Stone Soup version 0.26-a0-631-ged93497179 (webtiles) character file.

Game seed: 7653837203872825224

2903 zheka71 the Transmogrifier (level 9, -14/53 HPs)
             Began as a Merfolk Transmuter on Sept 12, 2020.
             Was an Initiate of Okawaru.
             Demolished by Joseph
             ... wielding a +5 vorpal quarterstaff
              (18 damage)
             ... on level 7 of the Dungeon.
             The game lasted 00:54:37 (10196 turns).

zheka71 the Transmogrifier (Merfolk Transmuter)    Turns: 10196, Time: 00:54:38

Health: -14/53     AC:  6    Str: 10    XL:     9   Next: 78%
Magic:  10/12      EV: 17    Int: 16    God:    Okawaru [......]
Gold:   374        SH:  0    Dex: 14    Spells: 3/12 levels left

rFire    . . .     SeeInvis .     - Unarmed
rCold    . . .     Faith    +   (shield currently unavailable)
rNeg     . . .     Spirit   .   a - +0 robe
rPois    .         Reflect  .   (no helmet)
rElec    .         Harm     .   (no cloak)
rCorr    .         Rampage  .   (gloves currently unavailable)
MR       .....                  (no boots)
Stlth    +.........             p - amulet of faith
HPRegen  0.17/turn              g - +4 ring of protection
MPRegen  0.13/turn              d - +4 ring of evasion

@: mighty, blade hands
A: change form in water, swift swim, stealthy swim, reduced essence
a: End Transformation, Renounce Religion


You were on level 7 of the Dungeon.
You worshipped Okawaru.
Okawaru was noncommittal.
You had blades for hands.
You visited 2 branches of the dungeon, and saw 8 of its levels.

You collected 374 gold pieces.

Inventory:

Armour
 a - a +0 robe (worn)
Jewellery
 d - a +4 ring of evasion (right scythe-like blade)
 g - a +4 ring of protection (left scythe-like blade)
 h - an uncursed ring of see invisible {unknown}
 i - an uncursed ring of positive energy
 k - an uncursed ring of stealth
 m - an uncursed ring of positive energy
 o - an uncursed ring of wizardry {unknown}
 p - an amulet of faith (around neck)
 q - an uncursed ring of resist corrosion {unknown}
 t - a +6 ring of dexterity {unknown}
 x - an uncursed amulet of inaccuracy
Wands
 j - a wand of iceblast (9)
 v - a wand of disintegration (8)
Scrolls
 e - 4 scrolls of remove curse
 w - a scroll of blinking
Potions
 b - 5 potions of curing
 c - a potion of ambrosia
 f - 2 potions of magic {unknown}
 l - 5 potions of might
 n - 2 potions of brilliance
 r - a potion of invisibility {unknown}
 u - 2 potions of flight
 z - a potion of cancellation {unknown}


   Skills:
 - Level 1.1 Fighting
 - Level 2.6 Dodging
 * Level 8.7 Unarmed Combat
 - Level 2.0 Spellcasting
 + Level 12.6 Transmutations
 - Level 5.2 Poison Magic


You had 3 spell levels left.
You knew the following spells:

 Your Spells              Type           Power        Failure   Level
a - Beastly Appendage     Tmut           #####.       7%          1
b - Spider Form           Tmut/Pois      ####......   19%         3
c - Blade Hands           Tmut           #####.....   26%         5

Your spell library contained the following spells:

 Spells                   Type           Power        Failure   Level
 Wereblood                Tmut           #####...     9%          2
 Confusing Touch          Hex            #.......     88%         3
 Gell's Gravitas          Tloc           #.........   88%         3
 Ice Form                 Ice/Tmut       ###.....     56%         4
 Petrify                  Tmut/Erth      ###.....     56%         4
 Yara's Violent Unravell  Hex/Tmut       ###.......   80%         5
 Metabolic Englaciation   Hex/Ice        #.........   100%        5


Dungeon Overview and Level Annotations

Branches:
Dungeon (7/15)             Temple (1/1) D:7

Altars:
Ashenzari
Cheibriados
Dithmenos
Elyvilon
Fedhas
Gozag
Hepliaklqana
Kikubaaqudgha
Makhleb
Nemelex Xobeh
Okawaru
Qazlal
Ru
Sif Muna
Trog
Uskayaw
Vehumet
Wu Jian
Xom
Yredelemnul
Zin
The Shining One

Annotations:
D:7 Joseph


Message History

You kill the orc!
Okawaru accepts your kill.
Joseph shouts!
Joseph shoots a sling bullet.
The sling bullet barely misses you.
Joseph shoots a sling bullet.
The sling bullet hits you!!
* * * LOW HITPOINT WARNING * * *
You see here a sling bullet.
Joseph shoots a sling bullet.
The sling bullet barely misses you.
You feel very mighty all of a sudden.
Joseph shoots a sling bullet.
The sling bullet misses you.
Joseph unwields a +0 hunting sling.
Joseph wields a +5 vorpal quarterstaff.
Joseph hits you with a +5 vorpal quarterstaff.
* * * LOW HITPOINT WARNING * * *
x2 The orc shouts!
You slice Joseph!!
Joseph is moderately wounded.
You barely miss Joseph.
Joseph is moderately wounded.
Joseph hits you with a +5 vorpal quarterstaff!!
You die...

#..#.# ##.#.#
#.#.# #...#
##..#########
##..##.....(#
#...##......#
#.#.##......#
#..o@@).(...#
######).....#
###<...((#
#....)...#
#.#..[(..#
#.#......## #
#....8>8#
#########


You could see Joseph and an orc.

Vanquished Creatures
  The ghost of MrRokkomies the Cutter, a novice OpBr of Okawaru (D:6)
  A hippogriff (D:7)
  3 yaks (D:6)
  A sky beast (D:6)
  2 orc warriors
  4 centaurs
  2 ogres
  A bullfrog (D:6)
  3 scorpions
  3 killer bees (D:7)
  A howler monkey (D:5)
  2 jellies
  2 hounds
  A bullfrog skeleton (D:4)
  6 orc wizards
  An orc priest (D:6)
  3 worker ants
  A hound skeleton (D:6)
  A worker ant zombie (D:5)
  4 adders
  3 shadow imps
  A white imp (D:6)
  4 ufetubi
  An ooze (D:2)
  A worm (D:3)
  A dart slug (D:2)
  A leopard gecko (D:1)
  13 orcs
  A ball python (D:2)
  11 bats
  2 giant cockroaches
  3 goblins
  9 hobgoblins
  8 jackals
  6 kobolds
  9 quokkas
  5 frilled lizards
  A giant cockroach zombie (D:6)
  A jackal skeleton (D:4)
  12 rats
136 creatures vanquished.

Vanquished Creatures (collateral kills)
  A yak (D:6)
  An orc warrior (D:6)
  A bullfrog skeleton (D:6)
  An iguana (D:4)
  A worker ant (D:6)
  An ooze (D:3)
  3 orcs
  A hobgoblin (D:3)
10 creatures vanquished.

Vanquished Creatures (others)
  3 hexers
  3 ancestors
6 creatures vanquished.

Grand Total: 152 creatures vanquished

Notes
Turn   | Place    | Note
-------+----------+-------------------------------------------
     0 | D:1      | zheka71 the Merfolk Transmuter began the quest for the Orb.
     0 | D:1      | Reached XP level 1. HP: 15/15 MP: 3/3
   126 | D:1      | Reached skill level 3 in Transmutations
   248 | D:1      | Reached XP level 2. HP: 17/21 MP: 3/5
   658 | D:1      | Reached skill level 4 in Transmutations
  1104 | D:2      | Reached XP level 3. HP: 19/26 MP: 6/6
  1420 | D:2      | Reached skill level 5 in Transmutations
  1803 | D:2      | Reached XP level 4. HP: 14/32 MP: 7/7
  2375 | D:3      | Noticed an ogre
  2436 | D:3      | Reached skill level 6 in Transmutations
  2449 | D:2      | Learned a level 3 spell: Spider Form
  2621 | D:3      | Found a faded altar of an unknown god.
  2626 | D:3      | Became a worshipper of Hepliaklqana the Forgotten
  2626 | D:3      | Reached * piety under Hepliaklqana
  3337 | D:4      | Reached XP level 5. HP: 31/33 MP: 8/8
  3344 | D:4      | Reached skill level 7 in Transmutations
  3921 | D:4      | Found an ancient bone altar of Kikubaaqudgha.
  3921 | D:4      | Found an ornate altar of the Wu Jian Council.
  4066 | D:4      | Reached skill level 8 in Transmutations
  4066 | D:4      | Reached XP level 6. HP: 25/38 MP: 7/9
  4371 | D:4      | Reached ** piety under Hepliaklqana
  4372 | D:4      | Remembered your ancestor Xiloxoch as a hexer
  4566 | D:5      | Entered Level 5 of the Dungeon
  5038 | D:6      | Noticed a yak
  5053 | D:6      | Reached skill level 1 in Poison Magic
  5082 | D:6      | Noticed a yak
  5082 | D:6      | Noticed a yak
  5085 | D:6      | Noticed a yak
  5089 | D:6      | Killed a yak
  5089 | D:6      | Reached skill level 9 in Transmutations
  5089 | D:6      | Reached XP level 7. HP: 13/43 MP: 4/10
  5098 | D:6      | Killed a yak
  5129 | D:6      | Killed a yak
  5129 | D:6      | Reached skill level 10 in Transmutations
  5130 | D:6      | Killed a yak
  5130 | D:6      | Reached XP level 8. HP: 11/48 MP: 5/11
  5553 | D:6      | Reached skill level 11 in Transmutations
  5880 | D:6      | Learned a level 5 spell: Blade Hands
  6132 | D:6      | Reached skill level 5 in Poison Magic
  6555 | D:6      | Found a large runed translucent door.
  6556 | D:6      | Found a large runed translucent door.
  6558 | D:6      | Reached *** piety under Hepliaklqana
  6559 | D:6      | Noticed MrRokkomies's ghost (novice OpBr)
  6619 | D:6      | Reached skill level 5 in Unarmed Combat
  7151 | D:6      | Reached XP level 9. HP: 47/53 MP: 7/12
  8207 | D:5      | Reached skill level 12 in Transmutations
  8930 | D:6      | Killed MrRokkomies's ghost
  9017 | D:6      | Identified a scroll of acquirement
  9017 | D:6      | Acquired a +4 ring of evasion
  9243 | D:7      | Noticed Joseph
  9678 | D:7      | Found a staircase to the Ecumenical Temple.
  9699 | Temple   | Entered the Ecumenical Temple
 10042 | Temple   | Fell from the grace of Hepliaklqana
 10042 | Temple   | Became a worshipper of Warmaster Okawaru
 10196 | D:7      | Demolished by Joseph

Illustrated notes

Levels and vault maps discovered:
D:1:      lordsloth_arrival_two_stooges, layout_loops_corners
D:2:      layout_loops_ring, grunt_ministairs_13
D:3:      layout_basic, chequers_ecumenical_altar_grove
D:4:      layout_basic, gammafunk_temple_overflow_wave
D:5:      kennysheep_spiral_hall, layout_loops_ring, minmay_statues_item
D:6:      layout_loops_corners, ebering_ghost_disaster_area
D:7:      layout_basic, temple_statues, uniq_duvessa, uniq_joseph
Temple:   regret_index_temple_chain_breaker

Skill      XL: |  1  2  3  4  5  6  7  8  9 |
---------------+----------------------------+-----
Transmutations | 3 4 5 6 8 9 10 11 12 | 12.6
Poison Magic   | 2 3 5 |  5.2
Unarmed Combat | 5 8 |  8.7
Fighting       | |  1.1
Dodging        | |  2.6
Spellcasting   | |  2.0

Action                   |  1- 3 |  4- 6 |  7- 9 || total
-------------------------+-------+-------+-------++-------
Melee: Unarmed           |   137 |   173 |   171 ||   481
       Headbutt          |    12 |    30 |     3 ||    45
       Punch             |     1 |     1 |     5 ||     7
Throw: Stone             |    21 |       |       ||    21
 Cast: Beastly Appendage |    28 |    29 |     3 ||    60
       Spider Form       |       |     5 |    11 ||    16
       Blade Hands       |       |       |    21 ||    21
Invok: Ancestor Identity |       |     1 |       ||     1
       Ancestor Life: He |       |     1 |       ||     1
       Transference      |       |       |     1 ||     1
  Use: Scroll            |     4 |     6 |     8 ||    18
       Potion            |       |     2 |     5 ||     7
 Stab: Sleeping          |     6 |     7 |     4 ||    17
       Distracted        |       |       |     1 ||     1
Armor: Robe              |    39 |    36 |    31 ||   106
       Skin              |       |     1 |    11 ||    12
Dodge: Dodged            |   110 |   108 |   108 ||   326

Table legend: (Time is in decaauts)
 A = Elapsed time spent in this place.
 B = Non-inter-level travel time spent in this place.
 C = Inter-level travel time spent in this place.
 D = Time resting spent in this place.
 E = Time spent auto-exploring this place.
 F = Levels seen in this place.
 G = Mean time per level.
                   A        B        C        D        E       F      G
               +--------+--------+--------+--------+--------+-----+--------+
         Total |  10089 |   9902 |    187 |   3130 |   3484 |   8 | 1261.1 |
       Dungeon |   9623 |   9436 |    187 |   3030 |   3224 |   7 | 1374.7 |
        Temple |    465 |    465 |      0 |    100 |    260 |   1 |  465.0 |
               +--------+--------+--------+--------+--------+-----+--------+

Top non-repeatable levels by time:
     D:6: 2816 daAuts
     D:5: 1692 daAuts
     D:4: 1424 daAuts
     D:2: 1305 daAuts
     D:1: 1079 daAuts
     D:3: 704 daAuts
     D:7: 601 daAuts
  Temple: 465 daAuts
